Map: Prion Terraces

Players

Miszu

  • Race: Terran Terran
  • League: Master

ArT - Winner!

  • Race: Protoss Protoss
  • League: Master

VOD

Have the link to the VOD?

Description

Time

  • Played on: April 2, 2016, 12:59 p.m.
  • Length: 7:35
Show
View Real Time Build Order
Export as new Build Order

Miszu Terran 

Build Orders: Command Center First (CC), MMM Bio 

Get SALT Encoding   

  12  0:00  SCV  
  13  0:12  SCV  
  14  0:18  Supply Depot  
  14  0:24  SCV  
  15  0:40  SCV  
  16  0:52  SCV  
  17  0:59  Command Center  
  17  1:05  SCV  
  18  1:12  Barracks  
  18  1:17  SCV  
  19  1:26  Barracks  
  19  1:30  SCV  
  20  1:42  SCV  
  20  1:44  Barracks  
  21  1:59  Marine, Orbital Command  
  22  2:10  Orbital Command  
  22  2:16  Marine  
  22  2:19  Marine  
  24  2:24  SCV  
  24  2:29  Refinery  
  25  2:30  Refinery  
  25  2:32  Marine  
  25  2:34  Marine  
  27  2:37  SCV x2  
  27  2:40  Marine  
  27  2:43  Supply Depot  
  30  2:50  Marine  
  31  2:52  Marine  
  31  2:57  SCV  
  31  2:58  Marine, SCV  
  35  3:06  Supply Depot  
  35  3:08  Barracks Tech Lab  
  35  3:09  Marine, SCV  
  35  3:10  SCV  
  38  3:16  Marine  
  39  3:21  SCV  
  39  3:22  SCV  
  39  3:26  Marine  
  42  3:27  Stimpack  
  42  3:33  SCV  
  43  3:34  SCV  
  43  3:36  Supply Depot, Marine  
  43  3:37  Marine  
  46  3:43  Bunker  
  46  3:45  SCV  
  46  3:47  Marauder  
  49  3:49  SCV  
  49  3:50  Factory  
  49  3:54  Refinery  
  49  3:55  Marine x2  
  51  3:58  SCV  
  51  4:01  SCV  
  54  4:03  Supply Depot  
  54  4:06  Engineering Bay  
  54  4:10  SCV  
  54  4:13  SCV  
  60  4:22  SCV  
  61  4:26  SCV  
  61  4:29  Barracks Reactor, Barracks Tech Lab  
  58  4:33  Terran Infantry Weapons Level 1, Command Center  
  58  4:34  SCV  
  59  4:39  Starport  
  59  4:40  Factory Reactor  
  59  4:42  SCV  
  60  4:46  SCV  
  60  4:49  Missile Turret  
  60  4:51  Missile Turret  
  61  4:53  Supply Depot  
  61  4:54  SCV  
  61  4:59  Marine x2  
  64  5:00  SCV  
  64  5:04  Refinery  
  64  5:06  Marine x2  
  67  5:08  SCV  
  67  5:12  SCV, Liberator x2  
  69  5:20  SCV  
  70  5:25  Barracks  
  70  5:26  Barracks  
  70  5:28  SCV  
  75  5:32  Supply Depot, SCV  
  75  5:34  Supply Depot  
  78  5:37  Marine  
  78  5:45  SCV  
  78  5:46  SCV  
  82  5:50  Combat Shields  
  82  5:51  Barracks Tech Lab  
  82  5:56  Marine  
  82  5:57  Marauder, SCV  
  84  6:01  Supply Depot  
  84  6:03  Supply Depot  
  84  6:09  Marine  
  84  6:10  Marauder  
  87  6:12  Medivac x2, SCV  
  87  6:17  SCV  
  93  6:24  SCV  
  93  6:25  Barracks Reactor  
  94  6:27  Marauder  
  94  6:29  Supply Depot  
  94  6:30  Supply Depot, Marine  
  94  6:31  Marauder  
  94  6:32  Barracks Tech Lab  
  99  6:36  Barracks  
  99  6:37  Barracks, SCV x2  
  99  6:38  Barracks, Orbital Command  
  99  6:39  Missile Turret  
  101  6:42  Bunker  
  101  6:45  Medivac  
  103  6:47  Medivac  
  103  6:49  SCV  
  106  6:58  Marine x3, Marauder x2  
  113  7:02  Supply Depot  
  113  7:03  Marine  
  113  7:04  Marine  
  105  7:16  Marine x2  
Show
View Real Time Build Order
Export as new Build Order

ArT Protoss - Winner!

Build Orders: 1 Gate Expand, Blink Stalkers 

Get SALT Encoding   

  12  0:00  Probe (Chrono Boost)  
  13  0:11  Probe (Chrono Boost)  
  14  0:17  Pylon  
  14  0:22  Probe (Chrono Boost)  
  15  0:35  Probe (Chrono Boost)  
  16  0:36  Gateway  
  16  0:42  Assimilator  
  16  0:45  Probe (Chrono Boost)  
  17  0:56  Probe (Chrono Boost)  
  18  1:07  Probe (Chrono Boost)  
  19  1:25  Cybernetics Core, Assimilator  
  19  1:27  Gateway, Probe (Chrono Boost)  
  20  1:42  Nexus  
  20  1:46  Probe (Chrono Boost)  
  21  1:53  Pylon  
  21  1:57  Probe (Chrono Boost)  
  22  2:08  Probe (Chrono Boost)  
  23  2:11  Adept  
  23  2:12  Warp Gate  
  25  2:18  Probe (Chrono Boost)  
  26  2:30  Robotics Facility  
  26  2:32  Probe (Chrono Boost)  
  27  2:42  Probe (Chrono Boost)  
  28  2:47  Twilight Council  
  28  2:53  Probe (Chrono Boost)  
  28  2:55  Probe (Chrono Boost)  
  30  3:03  Probe (Chrono Boost)  
  31  3:07  Probe (Chrono Boost)  
  32  3:13  Blink (Chrono Boost)  
  32  3:15  Gateway  
  32  3:16  Gateway  
  32  3:17  Observer (Chrono Boost)  
  32  3:19  Probe x2  
  35  3:31  Probe (Chrono Boost)  
  35  3:32  Probe (Chrono Boost)  
  37  3:40  Pylon  
  37  3:44  Mothership Core (Chrono Boost)  
  37  3:45  Probe (Chrono Boost)  
  40  3:57  Probe (Chrono Boost)  
  40  4:00  Nexus  
  40  4:01  Pylon  
  41  4:06  Probe (Chrono Boost)  
  43  4:11  Probe (Chrono Boost)  
  43  4:15  Stalker x2  
  43  4:16  Stalker  
  49  4:19  Probe (Chrono Boost)  
  49  4:22  Assimilator  
  49  4:23  Probe (Chrono Boost)  
  51  4:25  Assimilator  
  51  4:30  Probe (Chrono Boost)  
  51  4:31  Forge  
  52  4:36  Observer  
  54  4:39  Pylon  
  54  4:40  Probe (Chrono Boost)  
  54  4:41  Stalker  
  54  4:44  Stalker  
  58  4:47  Stalker  
  58  4:48  Probe (Chrono Boost)  
  62  4:53  Probe (Chrono Boost)  
  62  4:58  Pylon  
  62  4:59  Probe (Chrono Boost)  
  63  5:04  Probe (Chrono Boost)  
  64  5:07  Protoss Ground Weapons Level 1 (Chrono Boost)  
  64  5:13  Gateway  
  64  5:14  Gateway  
  64  5:16  Gateway  
  64  5:24  Gateway  
  64  5:26  Gateway  
  64  5:30  Gateway  
  64  5:39  Resonating Glaives  
  64  5:40  Sentry x3, Warp Prism  
  70  5:47  Probe x3  
  73  5:52  Pylon  
  73  6:00  Probe  
  73  6:01  Pylon, Probe  
  73  6:04  Stalker x2  
  79  6:05  Stalker  
  81  6:17  Observer  
  81  6:18  Stalker x3  
  81  6:25  Adept x2  
  91  6:29  Adept x3  
  97  6:36  Pylon  
  97  6:43  Pylon  
  97  6:44  Adept  
  97  6:45  Adept x3  
  97  6:46  Adept  
  106  6:56  Observer  
  106  6:58  Adept x4  
  106  6:59  Assimilator  
  115  7:14  Stalker x3  
  115  7:15  Adept  
  105  7:19  Adept x2  
  105  7:21  Adept  
  95  7:26  Adept, Assimilator  
  93  7:33  Adept  
Tags
 
Add a new tag
Caveats
  • Supply blocks, unpowered buildings, or Contaminate may cause inaccurate times.
  • Supply counts are checked every 10 seconds.